 Dungeon Crawl Stone Soup version 0.22.1-6-g1668fe2 (webtiles) character file.

52077 Kairos the Severer (level 14, -12/114 HPs)
             Began as a Vine Stalker Fighter on Jan 22, 2019.
             Was the Champion of Okawaru.
             Mangled by a snapping turtle (13 damage)
             ... on level 2 of the Shoals.
             The game lasted 00:24:12 (13040 turns).

Kairos the Severer (Vine Stalker Fighter)          Turns: 13040, Time: 00:24:13

Health: -12/114    AC: 27    Str: 25    XL:     14   Next: 62%
Magic:  0/16       EV:  2    Int:  8    God:    Okawaru [******]
Gold:   1089       SH: 16    Dex: 19    Spells: 13/13 levels left

rFire    + . .     SeeInvis .   M - +8 mithril axe "Arga" {speed, MR+}
rCold    . . .     Gourm    .   c - +1 shield
rNeg     + + +     Faith    +   (armour currently unavailable)
rPois    +         Spirit   +   (helmet currently unavailable)
rElec    .         Reflect  .   (cloak currently unavailable)
rCorr    .         Harm     .   (gloves currently unavailable)
MR       ++...     NoTele   +   (boots currently unavailable)
Stlth    ++++......             Q - amulet of faith
HPRegen  1.09/turn              W - ring "Wagana" {Wiz rF+ Dex+3}
MPRegen  0.15/turn              u - +3 ring of dexterity

@: lethally poisoned (-12 -> -12), tree-form, heroism
A: regeneration 2, magic shield, no potion heal 3, rot immunity
a: Heroism, Finesse, Renounce Religion


You were on level 2 of the Shoals.
You worshipped Okawaru.
Okawaru was exalted by your worship.
You were not hungry.
You were a tree.
You visited 3 branches of the dungeon, and saw 17 of its levels.

You collected 1089 gold pieces.

Inventory:

Hand Weapons
 g - a +3 broad axe of electrocution
 M - the +8 mithril axe "Arga" (weapon) {speed, MR+}
   (You acquired it on level 6 of the Lair of Beasts)

   Attacks with this weapon are significantly faster.
   It affects your resistance to hostile enchantments.
 N - a +0 demon trident of electrocution
Armour
 b - a +2 hat of magic resistance
 c - a +1 shield (worn)
 l - a +0 pair of gloves (melded)
 E - the +3 plate armour "Zodirch" {rElec}
   (You found it on level 6 of the Dungeon)

   It insulates you from electricity.
 S - the +2 helmet "Jicin" (melded) {rElec Stlth+}
   (Okawaru gifted it to you on level 6 of the Lair of Beasts)

   It insulates you from electricity.
   It makes you more stealthy.
 V - the +7 chain mail of Submission (melded) {*Slow Regen+ Int+3}
   (Okawaru gifted it to you on level 6 of the Lair of Beasts)

   It affects your intelligence (+3).
   It increases your rate of regeneration.
   It may slow you when you take damage.
Jewellery
 s - an uncursed ring of fire
 u - a +3 ring of dexterity (right branch)
 Q - an amulet of faith (around neck)
 W - the ring "Wagana" (left branch) {Wiz rF+ Dex+3}
   (You found it on level 6 of the Lair of Beasts)

   [ring of wizardry]

   It improves your spell success rate.
   It affects your dexterity (+3).
   It protects you from fire.
Wands
 e - a wand of iceblast (21)
 p - a wand of clouds (4)
 v - a wand of flame (109)
 y - a wand of paralysis (15)
 B - a wand of digging (26)
 F - a wand of polymorph (32)
 O - a wand of acid (8)
 X - a wand of random effects (37)
Scrolls
 h - 4 scrolls of fog
 m - 2 scrolls of holy word {unknown}
 n - a scroll of brand weapon {unknown}
 r - 5 scrolls of teleportation
 w - 4 scrolls of identify
 x - 4 scrolls of magic mapping
 A - 7 scrolls of remove curse
 G - 3 scrolls of enchant armour
 H - 4 scrolls of fear
 I - a scroll of random uselessness
 J - a scroll of blinking
 L - a scroll of silence {unknown}
 T - 2 scrolls of amnesia {unknown}
 U - a scroll of summoning {unknown}
Potions
 d - a potion of might
 i - 5 potions of haste
 j - 3 potions of lignification
 k - 3 potions of resistance
 o - 5 potions of curing
 q - 2 potions of invisibility {unknown}
 t - 3 potions of cancellation {unknown}
 z - a potion of magic {unknown}
 C - 3 potions of degeneration {unknown}
 D - 4 potions of brilliance {unknown}
 K - 2 potions of mutation {unknown}
 P - a potion of ambrosia {unknown}
 R - 3 potions of agility {unknown}
Comestibles
 a - 2 chunks of flesh
 f - 23 rations


   Skills:
 + Level 9.7(14.7) Fighting
 + Level 15.0(20.0) Axes
 + Level 0.7(15.1) Polearms
 + Level 9.2(14.2) Armour
 + Level 2.7(7.7) Dodging
 + Level 1.2(6.2) Stealth
 + Level 10.7(15.7) Shields
 + Level 2.4 Invocations


You had 13 spell levels left.
You didn't know any spells.
Your spell library contained the following spells:

 Spells                   Type           Power        Failure   Level  Hunger
 Animate Skeleton         Necr           N/A          17%         1    ##.....
 Apportation              Tloc           #.....       17%         1    ##.....
 Confusing Touch          Hex            #.....       17%         1    ##.....
 Flame Tongue             Conj/Fire      #....        17%         1    ##.....
 Shock                    Conj/Air       #...         17%         1    ##.....
 Summon Small Mammal      Summ           #...         17%         1    ##.....
 Swiftness                Chrm/Air       #.......     26%         2    ###....
 Throw Flame              Conj/Fire      #.....       26%         2    ###....
 Conjure Flame            Conj/Fire      #.......     45%         3    ####...
 Inner Flame              Hex/Fire       #.......     45%         3    ####...
 Static Discharge         Conj/Air       #.......     45%         3    ####...
 Airstrike                Air            #.........   83%         4    #####..
 Cause Fear               Hex            #.........   83%         4    #####..
 Sticky Flame             Conj/Fire      #.......     83%         4    #####..
 Fireball                 Conj/Fire      #.........   99%         5    ######.
 Lightning Bolt           Conj/Air       #.........   99%         5    ######.
 Silence                  Hex/Air        #.........   99%         5    ######.
 Yara's Violent Unravell  Hex/Tmut       #.........   99%         5    ######.
 Deflect Missiles         Chrm/Air       #.........   100%        6    #######
 Discord                  Hex            #.........   100%        8    #######


Dungeon Overview and Level Annotations

Branches:
Dungeon (9/15)             Temple (0/1) D:6            Lair (6/6) D:9
 Shoals (2/4) Lair:2       Spider (0/4) Lair:4        Slime (0/5) Lair:5
    Orc (0/2) D:9

Altars:
Ashenzari
Cheibriados
Dithmenos
Fedhas
Nemelex Xobeh
Okawaru
Uskayaw
Vehumet
Wu Jian
The Shining One

Shops:
D:5 (   D:6 (

Annotations:
Lair:1 3 runed doors, Fuanat's ghost, novice DDFi


Innate Abilities, Weirdness & Mutations

((You have razor-sharp teeth.))
You heal very quickly.
When hurt, damage is shared between your health and your magic reserves.
((Your bite disrupts and absorbs the magic of your enemies.))
Potions cannot restore your health.
You are immune to rotting.


Message History

You block the merfolk's attack.
The merfolk impaler hits you with a trident of venom!
* * * LOW HITPOINT WARNING * * *
You are poisoned.
The water elemental hits you.
You hit the merfolk aquamancer.
The merfolk aquamancer is severely wounded.
You slice the water elemental!!
You destroy the water elemental!
Okawaru accepts your kill.
Your base Axes skill increases to level 15!
You slash the merfolk impaler!
You kill the merfolk impaler!
Okawaru accepts your kill. The water engulfing you falls away.
* * * LOW HITPOINT WARNING * * *
You feel sick.
You block the merfolk aquamancer's attack.
The snapping turtle bites you from afar!
You die...

...≈......PPP≈≈≈≈≈≈≈≈≈≈≈≈≈
....≈...≈≈≈.PP≈≈≈≈≈≈≈≈≈≈≈≈
........≈≈....≈≈≈≈.≈≈≈≈≈≈≈
........≈..##...≈≈.≈≈≈≈≈≈≈
#..###....#####..≈≈≈≈≈≈≈.≈
#### ##..## ##.≈≈≈≈≈≈≈≈≈
##.####.## #...≈≈≈≈≈≈≈
........# ##.##.≈≈≈≈≈≈
........## ####.♣m........
≈≈.......###....))m...##..
≈≈≈.......(.≈≈≈≈≈.t.≈.# .
≈≈≈....≈≈≈≈≈≈.......≈≈...
≈≈≈.P≈..≈≈≈<≈..###..)≈≈.=
PP≈PPP≈≈≈≈≈....###....≈$≈
≈≈≈≈≈≈≈≈≈≈≈≈.....#.≈≈≈≈≈≈
PP≈P≈P≈≈≈≈≈......≈≈≈≈≈≈≈≈
≈≈≈PP≈≈≈≈≈≈....≈≈≈≈≈≈≈≈≈≈


You could see a merfolk aquamancer, a snapping turtle and a merfolk.

Vanquished Creatures
  3 merfolk impalers
  3 hydras
  A catoblepas (Lair:6)
  A merfolk avatar (Shoals:1)
  A deep troll shaman (Lair:6)
  2 two-headed ogres (D:8)
  10 death yaks (Lair:6)
  A lindwurm (Lair:6)
  4 harpies (Shoals:1)
  3 black mambas
  20 elephants
  2 water nymphs (Shoals:1)
  9 spiny frogs
  A gargoyle (D:9)
  A rime drake (Lair:6)
  9 komodo dragons
  2 merfolk (Shoals:2)
  2 trolls (D:9)
  5 hippogriffs
  2 snapping turtles (Shoals:1)
  11 dream sheep (Lair:6)
  4 blink frogs (Lair:6)
  50 yaks
  2 wyverns (Lair:6)
  5 water elementals
  Grum (D:9)
  2 basilisks
  Eustachio (D:6)
  A hungry ghost (D:9)
  Edmund (D:4)
  Menkaure (D:6)
  13 water moccasins
  5 porcupines
  10 orc warriors
  2 phantoms (D:8)
  4 sky beasts
  An eye of draining (D:9)
  3 ice beasts
  3 ogres
  3 black bears (Lair:6)
  9 wolves
  2 centaurs
  9 crocodiles
  13 bullfrogs
  6 scorpions
  5 killer bees (D:8)
  An electric eel (Lair:2)
  3 howler monkeys
  3 crimson imps
  A centaur zombie (D:8)
  7 jellies
  2 hounds
  A centaur skeleton (D:9)
  5 orc priests
  7 orc wizards
  2 bullfrog skeletons
  2 iguanas
  9 worker ants
  2 hound zombies
  A worker ant zombie (D:9)
  4 adders
  7 gnolls
  A howler monkey skeleton (D:4)
  3 shadow imps
  A worm (D:2)
  3 adder skeletons
  3 adder zombies
  2 dart slugs (D:4)
  8 leopard geckos
  37 orcs
  3 bats
  3 giant cockroaches
  13 goblins
  3 hobgoblins
  8 jackals
  12 kobolds
  4 quokkas
  2 frilled lizards (D:1)
  2 quokka zombies
  4 rats
  4 fungi
  7 plants
429 creatures vanquished.

Vanquished Creatures (others)
  3 fungi
  3 plants
  4 toadstools (D:1)
10 creatures vanquished.

Grand Total: 439 creatures vanquished

Notes
Turn   | Place    | Note
-------+----------+-------------------------------------------
     0 | D:1      | Kairos the Vine Stalker Fighter began the quest for the
                  | Orb.
     0 | D:1      | Reached XP level 1. HP: 11/11 MP: 2/2
    38 | D:1      | Reached XP level 2. HP: 14/16 MP: 3/3
   144 | D:1      | Reached skill level 2 in Axes
   180 | D:1      | Reached XP level 3. HP: 14/19 MP: 4/4
   274 | D:1      | Found an iron altar of Okawaru.
   290 | D:1      | Became a worshipper of Warmaster Okawaru
   543 | D:2      | Gained mutation: Your natural rate of healing is unusually
                  | fast. [Vine Stalker growth]
   543 | D:2      | Reached XP level 4. HP: 22/24 MP: 5/5
  1114 | D:3      | Reached XP level 5. HP: 12/28 MP: 2/6
  1363 | D:4      | Reached skill level 3 in Axes
  1392 | D:4      | Reached * piety under Okawaru
  1394 | D:4      | Reached skill level 4 in Axes
  1394 | D:4      | Reached XP level 6. HP: 28/32 MP: 4/7
  1445 | D:4      | Reached skill level 1 in Dodging
  1668 | D:4      | Reached XP level 7. HP: 36/36 MP: 8/8
  2030 | D:4      | Noticed Edmund
  2040 | D:4      | Killed Edmund
  2040 | D:4      | Reached skill level 5 in Axes
  2356 | D:5      | Entered Level 5 of the Dungeon
  2426 | D:5      | Found Vupuiful's Weapon Shoppe.
  2504 | D:5      | Reached ** piety under Okawaru
  2578 | D:5      | Gained mutation: You have razor-sharp teeth. [Vine Stalker
                  | growth]
  2578 | D:5      | Reached XP level 8. HP: 42/42 MP: 9/9
  2842 | D:5      | Found a sparkling altar of Nemelex Xobeh.
  3000 | D:5      | Found a glowing golden altar of the Shining One.
  3000 | D:5      | Found a shattered altar of Ashenzari.
  3058 | D:5      | Reached skill level 6 in Axes
  3158 | D:6      | Found a staircase to the Ecumenical Temple.
  3189 | D:6      | Noticed Menkaure
  3197 | D:6      | Killed Menkaure
  3280 | D:6      | Found Mavvalaz's Weapon Emporium.
  3390 | D:6      | Reached skill level 5 in Shields
  3482 | D:6      | Reached *** piety under Okawaru
  3482 | D:6      | Reached skill level 7 in Axes
  3485 | D:6      | Got an encrusted plate armour
  3496 | D:6      | Identified the +3 plate armour "Zodirch" {rElec} (You found
                  | it on level 6 of the Dungeon)
  3676 | D:6      | Noticed Eustachio
  3687 | D:6      | Killed Eustachio
  3687 | D:6      | Reached XP level 9. HP: 42/45 MP: 8/10
  4040 | D:7      | Found a hide-covered altar of Uskayaw.
  4043 | D:7      | Found a blossoming altar of Fedhas.
  4043 | D:7      | Found a snail-covered altar of Cheibriados.
  4206 | D:7      | Found an ornate altar of the Wu Jian Council.
  4435 | D:7      | Reached skill level 8 in Axes
  4443 | D:7      | Found a shadowy altar of Dithmenos.
  4451 | D:7      | Reached **** piety under Okawaru
  4712 | D:8      | Found a radiant altar of Vehumet.
  4786 | D:8      | Noticed a two-headed ogre
  4855 | D:8      | Reached skill level 5 in Armour
  4883 | D:8      | Reached skill level 5 in Fighting
  4890 | D:8      | Reached XP level 10. HP: 32/51 MP: 7/11
  5139 | D:8      | Noticed a two-headed ogre
  5149 | D:8      | Killed a two-headed ogre
  5149 | D:8      | Reached ***** piety under Okawaru
  5149 | D:8      | Reached skill level 9 in Axes
  5149 | D:8      | Reached skill level 1 in Invocations
  5197 | D:8      | Received a gift from Okawaru
  5202 | D:8      | Killed a two-headed ogre
  5701 | D:9      | Noticed a gargoyle
  5726 | D:9      | Killed a gargoyle
  5936 | D:9      | Received a gift from Okawaru
  5963 | D:9      | Reached skill level 1 in Stealth
  5963 | D:9      | Reached XP level 11. HP: 49/56 MP: 10/12
  5966 | D:9      | Reached skill level 10 in Axes
  6074 | D:9      | Found a staircase to the Lair.
  6187 | D:9      | Found a staircase to the Orcish Mines.
  6398 | D:9      | Noticed Grum
  6421 | D:9      | Killed Grum
  6631 | Lair:1   | Entered Level 1 of the Lair of Beasts
  6636 | Lair:1   | Found a runed gate.
  6636 | Lair:1   | Noticed Fuanat's ghost (novice DDFi)
  6637 | Lair:1   | Found a runed gate.
  6641 | Lair:1   | Found a runed gate.
  7125 | Lair:1   | Reached skill level 11 in Axes
  7404 | Lair:2   | Found a staircase to the Shoals.
  7468 | Lair:2   | Noticed an eight-headed hydra
  7631 | Lair:2   | Gained mutation: You heal very quickly. [Vine Stalker
                  | growth]
  7631 | Lair:2   | Reached XP level 12. HP: 61/63 MP: 14/14
  8240 | Lair:3   | Reached ****** piety under Okawaru
  8641 | Lair:3   | Identified a scroll of acquirement
  8734 | Lair:3   | Received a gift from Okawaru
  9261 | Lair:4   | Reached skill level 12 in Axes
  9382 | Lair:4   | Found a hole to the Spider Nest.
  9547 | Lair:4   | Noticed a five-headed hydra
 10123 | Lair:5   | Found a staircase to the Slime Pits.
 10592 | Lair:5   | You fall through a shaft!
 10592 | Lair:6   | Entered Level 6 of the Lair of Beasts
 10601 | Lair:6   | Reached XP level 13. HP: 64/68 MP: 15/15
 10676 | Lair:6   | Reached skill level 13 in Axes
 10793 | Lair:6   | Received a gift from Okawaru
 10860 | Lair:6   | Reached skill level 10 in Shields
 10873 | Lair:6   | Received a gift from Okawaru
 10883 | Lair:6   | Reached skill level 14 in Axes
 10885 | Lair:6   | Got a distressingly furry helmet {god gift}
 10896 | Lair:6   | Identified the +2 helmet "Jicin" {rElec Stlth+} (Okawaru
                  | gifted it to you on level 6 of the Lair of Beasts)
 11265 | Lair:6   | Reached XP level 14. HP: 70/75 MP: 16/16
 11712 | Lair:6   | Found the +8 mithril axe "Arga" {speed, MR+}
 11821 | Lair:6   | Received a gift from Okawaru
 11825 | Lair:6   | Got a brightly glowing chain mail {god gift}
 11836 | Lair:6   | Identified the +7 chain mail of Submission {*Slow Regen+
                  | Int+3} (Okawaru gifted it to you on level 6 of the Lair of
                  | Beasts)
 11846 | Lair:6   | Got a brightly glowing amber ring
 11861 | Lair:6   | Identified the ring "Wagana" {Wiz rF+ Dex+3} (You found it
                  | on level 6 of the Lair of Beasts)
 12047 | Shoals:1 | Entered Level 1 of the Shoals
 13039 | Shoals:2 | HP: 2/114 [merfolk impaler/trident of venom (9)]
 13040 | Shoals:2 | Reached skill level 15 in Axes
 13040 | Shoals:2 | Mangled by a snapping turtle

Skill      XL: |  1  2  3  4  5  6  7  8  9 10 11 12 13 14 |
---------------+-------------------------------------------+-----
Shields        | 3 4 5 6 7 8 9 10 | 10.7
Axes           | 2 4 5 7 8 9 11 12 14 15 | 15.0
Fighting       | 3 4 5 6 7 8 9 |  9.7
Dodging        | 1 2 |  2.7
Armour         | 3 4 5 7 8 9 |  9.2
Invocations    | 1 2 |  2.4
Stealth        | 1 |  1.2
Polearms       | |  0.7

Action                   |  1- 3 |  4- 6 |  7- 9 | 10-12 | 13-15 || total
-------------------------+-------+-------+-------+-------+-------++-------
Melee: War axe           |    57 |       |       |       |       ||    57
       Bite              |    17 |    35 |   126 |   284 |   135 ||   597
       Hand axe          |    14 |    83 |   296 |   501 |       ||   894
       Unarmed           |       |       |     1 |       |       ||     1
       Broad axe         |       |       |       |   118 |   323 ||   441
       Demon trident     |       |       |       |       |    17 ||    17
Invok: Heroism           |       |       |     3 |    13 |     6 ||    22
       Finesse           |       |       |       |       |     1 ||     1
  Use: Scroll            |       |       |    11 |     6 |     2 ||    19
       Potion            |       |       |       |       |     2 ||     2
  Eat: Chunk             |       |     2 |     6 |    15 |     4 ||    27
       Ration            |       |       |     2 |     3 |       ||     5
Armor: Scale mail        |    45 |    46 |    34 |       |       ||   125
       Plate armour      |       |       |    67 |   177 |   120 ||   364
       Chain mail        |       |       |       |       |    50 ||    50
       Skin              |       |       |       |       |     4 ||     4
Dodge: Dodged            |    25 |    15 |    47 |   121 |    95 ||   303
Block: Shield            |    34 |    47 |   158 |   313 |   234 ||   786
